 Dungeon Crawl Stone Soup version 0.30.1-3-gfc49f6343a (webtiles) character file.

Game seed: 5338581183402641974

172 booth the Chopper (level 5, -2/43 HPs)
             Began as a Gnoll Reaver on July 18, 2023.
             Slain by Terence
             ... wielding a +2 trident of venom
              (6 damage)
             ... on level 3 of the Dungeon.
             The game lasted 00:15:23 (2989 turns).

booth the Chopper (Gnoll Reaver)                    Turns: 2989, Time: 00:15:23

Health: -2/43      AC:  9    Str: 13    XL:     5   Next: 52%
Magic:  12/12      EV: 11    Int: 13    God:
Gold:   156        SH:  0    Dex: 10    Spells: 5/14 levels left

rFire   . . .        a - +1 hand axe
rCold   . . .        (no shield)
rNeg    . . .        f - +1 ring mail
rPois   .            (no helmet)
rElec   .            (no cloak)
rCorr   .            r - +2 pair of gloves
SInv    .            (no boots)
Will    .....        (no amulet)
Stlth   +            (no ring)
HPRegen 0.27/turn    (no ring)
MPRegen 0.13/turn

%: no passive effects
@: lethally poisoned (-2 -> -30)
A: fangs 1, strong nose, distributed training
a: no special abilities


You were on level 3 of the Dungeon.
You visited 1 branch of the dungeon, and saw 3 of its levels.

You collected 156 gold pieces.

Inventory:

Hand Weapons
 a - a +1 hand axe (weapon)
Missiles
 g - 22 poisoned darts (quivered)
 p - 6 boomerangs
Armour
 b - a +0 leather armour
 f - a +1 ring mail (worn)
 r - a +2 pair of gloves (worn)
Scrolls
 j - a scroll of fear {unknown}
 k - a scroll of immolation {unknown}
 m - a scroll of fog {unknown}
 o - a scroll of enchant weapon
Potions
 c - a potion of flight
 d - 3 potions of curing
 e - a potion of haste {unknown}
 h - 2 potions of brilliance {unknown}
 i - a potion of heal wounds {unknown}
 l - a potion of lignification {unknown}
 n - a potion of attraction {unknown}
 q - a potion of mutation {unknown}


   Skills:
 + Level 4.8 Fighting
 + Level 1.6 Short Blades
 + Level 1.6 Long Blades
 + Level 6.7 Axes
 + Level 1.6 Maces & Flails
 + Level 1.6 Polearms
 + Level 1.6 Staves
 + Level 1.6 Ranged Weapons
 + Level 1.6 Throwing
 + Level 1.6 Armour
 + Level 4.8 Dodging
 + Level 1.6 Stealth
 + Level 1.6 Shields
 + Level 1.6 Unarmed Combat
 + Level 5.2 Spellcasting
 + Level 5.5 Conjurations
 + Level 1.2 Hexes
 + Level 1.2 Summonings
 + Level 1.2 Necromancy
 + Level 1.2 Translocations
 + Level 1.2 Transmutations
 + Level 1.2 Fire Magic
 + Level 1.2 Ice Magic
 + Level 1.2 Air Magic
 + Level 1.2 Earth Magic
 + Level 1.2 Poison Magic
 + Level 1.8 Invocations
 + Level 1.6 Evocations


You had 5 spell levels left.
You knew the following spells:

 Your Spells              Type           Power      Damage    Failure   Level
a - Kiss of Death         Conj/Necr      48%        2d9       10%         1
b - Momentum Strike       Conj/Tloc      24%        3d8       14%         2
c - Hailstorm             Conj/Ice       12%        3d5       28%         3
d - Portal Projectile     Hex/Tloc       12%        N/A       56%         3

Your spell library contained the following spells:

 Spells                   Type           Power      Damage    Failure   Level
 Tukima's Dance           Hex            6%         N/A       56%         3
 Blade Hands              Tmut           3%         N/A       99%         5


Dungeon Overview and Level Annotations

Branches:
Dungeon (3/15)

Altars:

Annotations:
D:3 Terence


Innate Abilities, Weirdness & Mutations

You have very sharp teeth.
Your uncanny sense of smell can sniff out nearby items.
Your experience applies equally to all skills.


Message History

Okay, then.
Terence hits you with a +2 trident of venom.
You are poisoned.
You barely miss Terence.
You feel very sick. Terence hits you but does no damage.
You are more poisoned.
You barely miss Terence.
You feel very sick.
Terence hits you with a +2 trident of venom.
You are more poisoned.
You hit Terence.
Terence is moderately wounded.
You feel extremely sick.
Terence hits you with a +2 trident of venom.
You are more poisoned.
Throw: 24 darts (poison)
Press: ? - help, Q - select action, (/) - cycle Shift-Dir - straight line, f - Terence
Aim: Terence, wielding a +2 trident of venom and wearing a +0 chain mail (moderately wounded, 65% to hit)
You throw a poisoned dart. The poisoned dart hits Terence.
Terence is poisoned.
Terence is moderately wounded.
You feel very sick. Terence hits you but does no damage.
You are more poisoned.
Throw: 23 darts (poison)
Press: ? - help, Q - select action, (/) - cycle Shift-Dir - straight line, f/p - Terence
Aim: Terence, wielding a +2 trident of venom and wearing a +0 chain mail (moderately wounded, poisoned, 65% to hit)
You throw a poisoned dart. The poisoned dart hits Terence.
Terence looks even sicker.
Terence is moderately wounded.
* * * LOW HITPOINT WARNING * * *
You feel extremely sick. Terence hits you but does no damage.
You are more poisoned.
You hit Terence.
Terence is heavily wounded.
* * * LOW HITPOINT WARNING * * *
You feel extremely sick.
Terence hits you with a +2 trident of venom.
You die...

#....###.###...###.###########.#.
#....# #.##†###.##.## #.#.
.....###.#.## ##....# #.#)
.......#.†## ##...##### #..)
.......##.# #........ ###.
.......##.# ##.####### #.
....######^ ##.## #. ....# #.
#..# #. ....# #...#@# #. .##.#
#.###@# #. .##... .......#.....#
#. .###### ###.###∆####.# #.
....... #. .###### #. .# ## ###
## .# ... ... ..##### .# ##.##
#.. .......


You could see Terence (very poisoned).

Vanquished Creatures
  Jessica (D:2)
  A gnoll (D:1)
  6 adders
  2 worms
  A dart slug (D:3)
  2 orcs (D:3)
  5 ball pythons
  9 endoplasms
  4 giant cockroaches
  8 goblins
  4 hobgoblins
  6 jackals
  3 quokkas
  6 bats
  2 frilled lizards (D:1)
  7 kobolds
  5 rats
72 creatures vanquished.

Notes
Turn   | Place    | Note
-------+----------+-------------------------------------------
     0 | D:1      | booth the Gnoll Reaver began the quest for the Orb.
     0 | D:1      | Reached XP level 1. HP: 20/20 MP: 6/6
   118 | D:1      | Reached XP level 2. HP: 26/26 MP: 7/7
   412 | D:1      | Reached skill level 5 in Spellcasting
   412 | D:1      | Reached XP level 3. HP: 30/31 MP: 7/9
   463 | D:1      | Learned a level 2 spell: Momentum Strike
   470 | D:1      | Learned a level 3 spell: Hailstorm
   523 | D:1      | Reached skill level 1 in Invocations
   697 | D:1      | Reached skill level 1 in Short Blades
   697 | D:1      | Reached skill level 1 in Long Blades
   697 | D:1      | Reached skill level 1 in Maces & Flails
   697 | D:1      | Reached skill level 1 in Polearms
   697 | D:1      | Reached skill level 1 in Staves
   697 | D:1      | Reached skill level 1 in Ranged Weapons
   697 | D:1      | Reached skill level 1 in Throwing
   697 | D:1      | Reached skill level 1 in Armour
   697 | D:1      | Reached skill level 1 in Stealth
   697 | D:1      | Reached skill level 1 in Shields
   697 | D:1      | Reached skill level 1 in Unarmed Combat
   697 | D:1      | Reached skill level 1 in Evocations
  1050 | D:2      | Reached XP level 4. HP: 38/38 MP: 11/11
  1120 | D:2      | Reached skill level 1 in Hexes
  1120 | D:2      | Reached skill level 1 in Summonings
  1120 | D:2      | Reached skill level 1 in Necromancy
  1120 | D:2      | Reached skill level 1 in Translocations
  1120 | D:2      | Reached skill level 1 in Transmutations
  1120 | D:2      | Reached skill level 1 in Fire Magic
  1120 | D:2      | Reached skill level 1 in Ice Magic
  1120 | D:2      | Reached skill level 1 in Air Magic
  1120 | D:2      | Reached skill level 1 in Earth Magic
  1120 | D:2      | Reached skill level 1 in Poison Magic
  1210 | D:2      | Noticed Jessica
  1215 | D:2      | Killed Jessica
  1709 | D:2      | Reached XP level 5. HP: 40/41 MP: 12/12
  1721 | D:2      | Learned a level 3 spell: Portal Projectile
  2980 | D:3      | Noticed Terence
  2989 | D:3      | Slain by Terence

Illustrated notes

Levels and vault maps discovered:
D:1:      dpeg_arrival_fog, layout_loops_cross, hangedman_abyss_or_decor_stabs
D:2:      layout_basic, uniq_jessica
D:3:      layout_loops_ring, uniq_terence

Skill      XL: |  1  2  3  4 |
---------------+-------------+-----
Spellcasting   | 5 |  5.2
Invocations    | 1 |  1.8
Short Blades   | 1 |  1.6
Long Blades    | 1 |  1.6
Maces & Flails | 1 |  1.6
Polearms       | 1 |  1.6
Staves         | 1 |  1.6
Ranged Weapons | 1 |  1.6
Throwing       | 1 |  1.6
Armour         | 1 |  1.6
Stealth        | 1 |  1.6
Shields        | 1 |  1.6
Unarmed Combat | 1 |  1.6
Evocations     | 1 |  1.6
Hexes          | 1 |  1.2
Summonings     | 1 |  1.2
Necromancy     | 1 |  1.2
Translocations | 1 |  1.2
Transmutations | 1 |  1.2
Fire Magic     | 1 |  1.2
Ice Magic      | 1 |  1.2
Air Magic      | 1 |  1.2
Earth Magic    | 1 |  1.2
Poison Magic   | 1 |  1.2
Fighting       | |  4.8
Axes           | |  6.7
Dodging        | |  4.8
Conjurations   | |  5.5

Action                     |  1- 3 |  4- 6 || total
---------------------------+-------+-------++-------
  Melee: Hand axe          |   102 |   107 ||   209
         Bite              |     5 |    14 ||    19
         Punch             |       |     1 ||     1
  Throw: Dart              |     3 |    15 ||    18
   Cast: Kiss of Death     |     1 |     1 ||     2
         Momentum Strike   |       |     1 ||     1
    Use: Scroll            |     3 |     3 ||     6
         Potion            |       |     1 ||     1
 Armour: Leather armour    |    10 |       ||    10
         Ring mail         |    24 |    32 ||    56
  Dodge: Dodged            |    67 |    50 ||   117
